 Dungeon Crawl Stone Soup version 0.22.0-40-g68aacdc (webtiles) character file.

6727 shmeve the Blocker (level 10, -1/135 (136) HPs)
             Began as a Minotaur Berserker on Sept 1, 2018.
             Was a High Priest of Trog.
             Slain by an orc warrior
             ... wielding a +0 war axe
              (7 damage)
             ... on level 10 of the Dungeon.
             The game lasted 00:20:48 (8983 turns).

shmeve the Blocker (Minotaur Berserker)             Turns: 8983, Time: 00:20:48

HP:   -1/135 (136)  AC: 12    Str: 30    XL:     10   Next: 74%
MP:   9/9           EV: 11    Int:  4    God:    Trog [*****.]
Gold: 285           SH:  0    Dex: 14    Spells: 9/9 levels left

rFire    . . .     SeeInvis .   w - +0 broad axe
rCold    . . .     Gourm    +   (no shield)
rNeg     . . .     Faith    .   B - +0 plate armour
rPois    .         Spirit   .   (helmet restricted)
rElec    .         Reflect  .   h - scarf {repulsion}
rCorr    .         Harm     .   (no gloves)
MR       .....                  (no boots)
Stlth    ..........             j - amulet of the gourmand
HPRegen  0.32/turn              (no ring)
MPRegen  0.11/turn              g - +4 ring of dexterity

@: berserking (expiring), repel missiles, very quick
A: retaliatory headbutt, horns 2
a: Berserk, Trog's Hand, Brothers in Arms, Renounce Religion


You were on level 10 of the Dungeon.
You worshipped Trog.
Trog was extremely pleased with you.
You were full.

You visited 2 branches of the dungeon, and saw 11 of its levels.
You also visited: Sewer.

You collected 472 gold pieces.
You spent 187 gold pieces at shops.

Inventory:

Hand Weapons
 w - a +0 broad axe (weapon)
Missiles
 z - 6 poisoned javelins (quivered)
Armour
 f - the +5 shield of Xom's Whim {-Tele MR+ Str-4 Dex+7}
   (You found it on level 8 of the Dungeon)

   It affects your strength (-4).
   It affects your dexterity (+7).
   It affects your resistance to hostile enchantments.
   It prevents most forms of teleportation.
 h - a scarf of repulsion (worn)
 B - a +0 plate armour (worn)
Jewellery
 g - a +4 ring of dexterity (right hand)
 j - an amulet of the gourmand (around neck)
Wands
 d - a wand of digging (12)
 C - a wand of disintegration (13)
Scrolls
 a - 3 scrolls of enchant weapon {unknown}
 l - 3 scrolls of identify
 n - 2 scrolls of blinking {unknown}
 o - a scroll of magic mapping
 p - 2 scrolls of amnesia {unknown}
 q - 2 scrolls of enchant armour {unknown}
 r - a scroll of teleportation
 s - a scroll of torment {unknown}
 u - 3 scrolls of remove curse
 x - 2 scrolls of fear {unknown}
 y - a scroll of fog {unknown}
 E - a scroll of random uselessness {unknown}
Potions
 e - 3 potions of haste
 i - a potion of brilliance
 k - 8 potions of curing
 t - 3 potions of heal wounds
 v - 2 potions of ambrosia
Comestibles
 c - 21 rations


   Skills:
 - Level 9.3 Fighting
 - Level 9.2 Axes
 - Level 6.9 Throwing
 - Level 6.3 Armour
 - Level 5.6 Dodging
 + Level 10.3 Shields


You had 9 spell levels left.
You didn't know any spells.
Your spell library was empty.

Dungeon Overview and Level Annotations

Branches:
Dungeon (10/15)            Temple (1/1) D:7
   Lair: D:8-11         Orc: D:9-12

Altars:
Ashenzari
Dithmenos
Fedhas
Hepliaklqana
Makhleb
Nemelex Xobeh
Qazlal
Sif Muna
Uskayaw
Wu Jian
Xom
Zin

Shops:
D:6 (   D:8 *?


Innate Abilities, Weirdness & Mutations

You reflexively headbutt those who attack you in melee.
You have a pair of horns on your head.


Message History

* * * LOW HITPOINT WARNING * * *
You closely miss the orc warrior. Your headbutt misses the orc warrior.
The orc warrior is lightly wounded.
You closely miss the yak. The yak gores you.
* * * LOW HITPOINT WARNING * * *
Unknown command.
You slash the orc warrior! Your headbutt misses the orc warrior.
The orc warrior is heavily wounded.
You slash the yak!
You kill the yak!
Trog accepts your kill.
The orc warrior hits you with a war axe!
* * * LOW HITPOINT WARNING * * *
You hit the orc warrior.
The orc warrior is severely wounded.
Unknown command.
You closely miss the orc warrior.
The orc warrior is severely wounded.
The orc warrior hits you with a war axe!
You die...

#. ...# #. ..#
#.. ..#######+
#.. #.........
#..##.........
#............#
#...†.†......#
#...<.@oo.o..#
#.....†......#
#.............
##############


You could see an orc warrior and 2 orcs.

Vanquished Creatures
  A two-headed ogre (D:9)
  A hippogriff (D:9)
  10 yaks
  2 hungry ghosts
  2 chaos spawn (D:9)
  Edmund (D:5)
  2 sky beasts
  4 phantoms
  3 ice beasts
  A black bear (D:9)
  2 orc warriors
  3 ogres
  An eye of draining (D:5)
  A necrophage (D:8)
  A centaur (D:5)
  3 bullfrogs
  2 big kobolds
  5 scorpions
  5 howler monkeys (D:8)
  3 wights (D:6)
  A jelly (D:9)
  5 crimson imps
  A bullfrog zombie (D:9)
  2 hounds
  Crazy Yiuf (D:7)
  4 orc priests
  Ijyb (D:3)
  2 bullfrog skeletons
  4 orc wizards
  Jessica (D:5)
  Terence (D:3)
  4 iguanas
  9 worker ants
  15 adders
  6 gnolls
  2 howler monkey skeletons
  A shadow imp (D:9)
  2 worms
  2 dart slugs
  2 leopard geckos
  39 orcs
  6 bats
  6 giant cockroaches
  6 hobgoblins
  14 jackals
  2 quokkas
  3 ball pythons
  5 frilled lizards
  7 goblins
  10 kobolds
  2 quokka skeletons (D:9)
  4 rats
  12 plants (Sewer)
235 creatures vanquished.

Notes
Turn   | Place    | Note
-------+----------+-------------------------------------------
     0 | D:1      | shmeve the Minotaur Berserker began the quest for the Orb.
     0 | D:1      | Reached XP level 1. HP: 19/19 MP: 0/0
   324 | D:1      | Reached XP level 2. HP: 23/27 MP: 1/1
   694 | D:1      | Reached skill level 1 in Throwing
   916 | D:2      | Found a shattered altar of Ashenzari.
   926 | D:2      | Reached XP level 3. HP: 31/33 MP: 2/2
  1045 | D:2      | Reached ** piety under Trog
  1045 | D:2      | Reached XP level 4. HP: 10/41 MP: 3/3
  1334 | D:2      | Found a shadowy altar of Dithmenos.
  1807 | D:2      | Found a deep blue altar of Sif Muna.
  2049 | D:3      | Found a blossoming altar of Fedhas.
  2060 | D:3      | Noticed Terence
  2065 | D:3      | Killed Terence
  2065 | D:3      | Reached XP level 5. HP: 29/47 MP: 4/4
  2237 | D:3      | Found a glowing drain.
  2264 | Sewer    | Entered a sewer
  2377 | Sewer    | Reached skill level 5 in Fighting
  2724 | D:3      | Found a transporter.
  2728 | D:3      | Found a transporter.
  2735 | D:3      | Noticed a yak
  2737 | D:3      | Found a hazy altar of Hepliaklqana.
  2739 | D:3      | Reached skill level 5 in Axes
  2742 | D:3      | Reached XP level 6. HP: 44/56 MP: 5/5
  2743 | D:3      | Killed a yak
  2984 | D:3      | Found a shimmering altar of Xom.
  3005 | D:3      | Found a shimmering altar of Xom.
  3007 | D:3      | Found a shimmering altar of Xom.
  3007 | D:3      | Found a shimmering altar of Xom.
  3185 | D:3      | Noticed Ijyb
  3192 | D:3      | Killed Ijyb
  3409 | D:4      | Reached XP level 7. HP: 55/62 MP: 6/6
  3589 | D:4      | Reached *** piety under Trog
  4402 | D:5      | Entered Level 5 of the Dungeon
  4448 | D:5      | Reached XP level 8. HP: 57/71 MP: 7/7
  4643 | D:5      | Received a gift from Trog
  4777 | D:5      | Found a sparkling altar of Nemelex Xobeh.
  4777 | D:5      | Noticed Jessica
  4779 | D:5      | Killed Jessica
  4779 | D:5      | Reached skill level 5 in Throwing
  4829 | D:5      | Noticed Edmund
  4840 | D:5      | Killed Edmund
  4840 | D:5      | Reached skill level 5 in Armour
  5101 | D:6      | Found Qikikk's Weapon Shoppe.
  5176 | D:6      | Reached XP level 9. HP: 68/81 MP: 8/8
  5290 | D:6      | Reached **** piety under Trog
  5437 | D:6      | Found an ornate altar of the Wu Jian Council.
  5439 | D:6      | Found a hide-covered altar of Uskayaw.
  5478 | D:6      | HP: 4/81 [ogre/giant club (6)]
  5480 | D:6      | Reached skill level 5 in Dodging
  6070 | D:7      | Found a staircase to the Ecumenical Temple.
  6075 | Temple   | Entered the Ecumenical Temple
  6504 | D:7      | Found a runed door.
  6590 | D:7      | Noticed Crazy Yiuf
  6593 | D:7      | Killed Crazy Yiuf
  7087 | D:8      | Found Ihoil's Magic Scroll Boutique.
  7094 | D:8      | Bought a scroll of identify for 22 gold pieces
  7094 | D:8      | Bought a scroll of identify for 22 gold pieces
  7094 | D:8      | Bought a scroll of identify for 22 gold pieces
  7094 | D:8      | Bought a scroll of identify for 22 gold pieces
  7094 | D:8      | Bought a scroll of identify for 22 gold pieces
  7094 | D:8      | Bought 2 scrolls of identify for 44 gold pieces
  7094 | D:8      | Bought a scroll of remove curse for 33 gold pieces
  7125 | D:8      | Found Zin's Purification Station.
  7127 | D:8      | Found a glowing silver altar of Zin.
  7139 | D:8      | Found a burning altar of Makhleb.
  7183 | D:8      | Got a jewelled shield
  7184 | D:8      | Identified the +5 shield of Xom's Whim {-Tele MR+ Str-4 Dex+7} (You found it on level 8 of the Dungeon)
  7192 | D:8      | Reached skill level 1 in Shields
  7312 | D:9      | Reached skill level 2 in Shields
  7319 | D:9      | Reached ***** piety under Trog
  7399 | D:9      | Found a stormy altar of Qazlal.
  7407 | D:9      | Received a gift from Trog
  7407 | D:9      | Reached skill level 3 in Shields
  7407 | D:9      | Reached XP level 10. HP: 90/90 MP: 9/9
  7409 | D:9      | Reached skill level 4 in Shields
  7435 | D:9      | Reached skill level 5 in Shields
  8058 | D:9      | Reached skill level 6 in Shields
  8189 | D:9      | Noticed a two-headed ogre
  8195 | D:9      | Killed a two-headed ogre
  8195 | D:9      | Reached skill level 7 in Shields
  8205 | D:9      | Reached skill level 8 in Shields
  8495 | D:9      | Found a shimmering altar of Xom.
  8498 | D:9      | Found the +7 mace of Variability {chain chaos}
  8520 | D:9      | Reached skill level 9 in Shields
  8967 | D:10     | Entered Level 10 of the Dungeon
  8979 | D:10     | Reached skill level 10 in Shields
  8981 | D:10     | HP: 6/135 [orc warrior/war axe (8)]
  8983 | D:10     | Slain by an orc warrior

Skill      XL: |  1  2  3  4  5  6  7  8  9 10 |
---------------+-------------------------------+-----
Fighting       | 4 5 6 8 9 |  9.3
Throwing       | 1 2 3 4 5 6 |  6.9
Axes           | 4 5 6 8 9 |  9.2
Armour         | 3 4 5 6 |  6.3
Dodging        | 3 4 5 |  5.6
Shields        | 3 10 | 10.3

Action                   |  1- 3 |  4- 6 |  7- 9 | 10-12 || total
-------------------------+-------+-------+-------+-------++-------
Melee: Hand axe          |    51 |   151 |   122 |       ||   324
       Headbutt          |     8 |    28 |    71 |    22 ||   129
       Broad axe         |       |       |   140 |    84 ||   224
Throw: Tomahawk          |       |       |     1 |     1 ||     2
Invok: Berserk           |     1 |     1 |     3 |     3 ||     8
       Trog's Hand       |       |     1 |       |       ||     1
  Use: Scroll            |       |     3 |     9 |       ||    12
  Eat: Chunk             |       |    31 |    22 |    11 ||    64
       Ration            |       |       |     1 |       ||     1
Armor: Animal skin       |    15 |    17 |       |       ||    32
       Chain mail        |       |     7 |    71 |       ||    78
       Plate armour      |       |       |    41 |    65 ||   106
       Skin              |       |       |     1 |       ||     1
Dodge: Dodged            |    52 |    73 |   134 |    61 ||   320
       Deflected         |       |       |     1 |     4 ||     5
